Map: Cyber Forest LE

Players

TERRANosaur

  • Race: Zerg Zerg
  • League: Platinum
  • Spawn Location: 5:00

Woah - Winner!

  • Race: Terran Terran
  • Spawn Location: 11:00

VOD

Have the link to the VOD?

Description

Time

  • Played on: June 14, 2019, 12:58 p.m.
  • Length: 14:54
Show
View Real Time Build Order
Export as new Build Order

TERRANosaur Zerg 

Build Orders: Hatch First 

Get SALT Encoding   

  12  0:03  Drone  
  13  0:13  Overlord  
  13  0:17  Drone  
  14  0:32  Drone x2  
  16  0:51  Hatchery  
  16  0:55  Drone  
  16  0:57  Extractor  
  15  1:11  Spawning Pool  
  14  1:14  Drone  
  14  1:17  Drone  
  16  1:21  Drone  
  17  1:30  Drone  
  18  1:37  Drone  
  19  1:48  Drone  
  19  1:51  Extractor  
  19  1:59  Queen  
  19  2:01  Roach Warren  
  20  2:07  Queen  
  22  2:10  Drone  
  22  2:14  Drone  
  24  2:19  Drone  
  25  2:31  Drone  
  25  2:32  Drone x2  
  25  2:36  Overlord  
  28  2:50  Overlord  
  28  3:07  Roach x4  
  28  3:09  Overlord  
  28  3:11  Drone  
  37  3:13  Drone  
  37  3:17  Drone  
  37  3:19  Drone  
  40  3:24  Overlord  
  40  3:30  Roach  
  42  3:34  Drone  
  42  3:36  Drone  
  44  3:44  Overlord  
  44  3:45  Drone  
  44  3:46  Drone  
  46  4:07  Roach x4  
  46  4:08  Roach x2  
  58  4:12  Overlord  
  58  4:20  Ravager x4  
  58  4:22  Overlord x2  
  62  4:37  Overlord x2  
  62  4:41  Lair  
  62  4:43  Drone x3  
  50  5:24  Extractor  
  50  5:25  Extractor, Drone x9  
  50  5:26  Drone  
  58  5:37  Roach  
  60  5:48  Glial Reconstitution  
  60  5:52  Drone  
  60  5:53  Evolution Chamber, Drone x2  
  60  5:54  Evolution Chamber  
  61  6:00  Roach  
  61  6:01  Roach x4  
  71  6:16  Overseer  
  71  6:23  Overseer  
  71  6:26  Roach x5  
  71  6:32  Evolution Chamber  
  80  6:34  Evolution Chamber  
  79  6:42  Pneumatized Carapace  
  79  6:45  Spore Crawler  
  78  6:49  Spore Crawler  
  78  6:52  Zerg Missile Weapons Level 1, Zerg Ground Armor Level 1  
  78  6:53  Hydralisk Den  
  78  6:54  Roach x6  
  89  7:11  Roach  
  89  7:12  Overlord  
  89  7:13  Overlord x2  
  89  7:14  Hatchery  
  89  7:15  Zerg Melee Weapons Level 1  
  90  7:27  Muscular Augments  
  90  7:28  Overlord  
  90  7:29  Overlord  
  90  7:34  Ravager x3  
  90  7:35  Ravager x2  
  95  7:48  Ravager x2  
  95  7:50  Roach x2  
  76  8:18  Roach  
  76  8:19  Roach x5  
  100  8:20  Roach x6  
  100  8:32  Infestation Pit  
  99  8:41  Ravager x2  
  99  8:46  Drone  
  102  8:49  Drone  
  102  8:50  Drone x7  
  102  8:53  Overseer  
  108  9:34  Roach x3  
  108  9:35  Roach x5  
  108  9:36  Overlord x5  
  122  9:43  Zerg Ground Armor Level 2, Zerg Missile Weapons Level 2  
  122  9:56  Nydus Network  
  121  10:23  Drone  
  121  10:24  Drone x12  
  121  10:26  Extractor  
  121  10:28  Extractor  
  132  10:35  Nydus Canal  
  127  10:49  Zergling x2  
  128  10:50  Roach Warren, Zergling x12  
  97  11:31  Roach x12  
  104  11:33  Ravager x5  
  104  11:34  Ravager x4  
  92  11:57  Roach x6  
  92  11:58  Roach x3  
  99  12:24  Drone  
  99  12:25  Drone x3  
  99  12:28  Nydus Canal  
  103  12:35  Queen  
  105  12:54  Hatchery  
  65  13:11  Zergling x2  
  65  13:12  Zergling x16, Baneling Nest  
  61  13:14  Metabolic Boost  
  61  13:30  Hatchery  
  60  13:36  Roach  
  60  13:37  Roach x5  
  72  13:55  Roach  
  71  13:56  Roach x2, Baneling  
  71  13:57  Baneling x6  
  71  13:58  Baneling  
Show
View Real Time Build Order
Export as new Build Order

Woah Terran - Winner!

Build Orders: Reaper Expand 

Get SALT Encoding   

  12  0:01  SCV  
  13  0:14  SCV  
  14  0:17  Supply Depot  
  14  0:26  SCV  
  15  0:41  SCV  
  16  0:43  Refinery  
  16  0:46  Barracks  
  16  0:53  SCV  
  17  1:05  SCV  
  18  1:20  SCV  
  19  1:34  Orbital Command  
  19  1:36  Reaper  
  20  1:48  Command Center  
  20  2:03  SCV  
  20  2:04  Factory  
  21  2:15  SCV  
  22  2:17  Barracks  
  22  2:25  Refinery  
  22  2:27  SCV, Barracks Reactor  
  23  2:46  Supply Depot  
  23  3:00  SCV, Factory Tech Lab  
  24  3:05  Barracks Tech Lab  
  24  3:09  Orbital Command  
  24  3:11  Marine x2  
  24  3:12  SCV  
  27  3:13  Bunker  
  27  3:20  Starport  
  27  3:24  SCV  
  27  3:25  Engineering Bay  
  28  3:41  Stimpack  
  28  3:42  Marine x2  
  30  4:00  SCV x2  
  31  4:03  Siege Tank  
  34  4:11  Viking  
  34  4:15  SCV x2  
  38  4:17  Supply Depot  
  38  4:24  Engineering Bay  
  38  4:35  SCV  
  38  4:36  SCV  
  40  4:41  Supply Depot  
  40  4:44  Marine x2  
  40  4:45  Marauder  
  44  4:47  SCV  
  44  4:48  SCV  
  46  4:56  Supply Depot  
  46  4:59  SCV  
  47  5:00  SCV  
  48  5:12  SCV  
  48  5:13  SCV  
  48  5:15  Bunker  
  48  5:18  Bunker  
  48  5:21  Marine x2  
  48  5:26  Barracks  
  50  5:31  Siege Tank  
  56  5:36  SCV x2  
  60  5:43  Marauder, Marine  
  60  5:45  Marine  
  60  5:48  SCV, Terran Infantry Armor Level 1  
  63  5:52  Terran Infantry Weapons Level 1  
  63  6:00  SCV  
  63  6:02  Refinery  
  64  6:04  Refinery  
  64  6:06  Siege Tank  
  64  6:10  Starport Reactor  
  64  6:14  Combat Shield  
  64  6:17  Barracks Reactor  
  64  6:19  SCV, Command Center  
  65  6:25  Marine  
  65  6:26  Marauder, Marine  
  69  6:43  Marine  
  70  6:53  Supply Depot  
  70  6:56  Barracks, Supply Depot  
  70  6:57  Barracks  
  70  7:00  Barracks  
  70  7:03  SCV, Medivac, Marauder, Marine x3  
  78  7:14  Marine  
  78  7:15  Armory, SCV, Medivac  
  82  7:20  SCV  
  82  7:21  Marine x2  
  85  7:25  Marauder  
  85  7:27  SCV  
  88  7:32  SCV, Marine  
  88  7:37  Marine  
  90  7:38  Marine x2  
  90  7:39  SCV  
  90  7:43  Supply Depot  
  94  7:44  SCV  
  94  7:45  Supply Depot  
  94  7:46  Marauder  
  81  8:07  Marauder  
  68  8:13  Marine  
  68  8:14  Barracks Reactor x2  
  68  8:16  Terran Infantry Weapons Level 2, Siege Tank  
  68  8:17  Marine x3  
  75  8:27  Barracks Reactor  
  75  8:28  Orbital Command  
  75  8:29  Marauder  
  75  8:31  Marine  
  78  8:35  Marine x3  
  78  8:38  Terran Infantry Armor Level 2  
  81  8:42  Supply Depot  
  81  8:43  Supply Depot  
  81  8:48  SCV x2, Orbital Command  
  83  8:49  Concussive Shells, Marine  
  83  8:50  Marauder, Marine x4  
  83  8:53  Medivac, Marine x3  
  85  9:02  Medivac  
  85  9:06  Marine  
  85  9:09  Marine x4  
  91  9:10  Marine x2  
  91  9:12  Marine  
  91  9:13  Marine  
  91  9:16  Marine  
  97  9:20  SCV, Marine  
  97  9:23  Medivac  
  99  9:34  Siege Tank  
  99  9:40  SCV  
  99  9:44  Command Center  
  100  9:47  Sensor Tower  
  100  10:01  Medivac x2  
  100  10:02  Marine x2  
  100  10:03  Marine x6  
  100  10:04  Marine  
  100  10:05  Marine  
  100  10:06  Siege Tank  
  117  10:09  Marine  
  118  10:20  Marine x2  
  120  10:24  Marine x2  
  120  10:25  Marine  
  120  10:26  Marine  
  120  10:27  Marauder, Marine x4  
  130  10:38  Marine  
  130  10:48  Marauder  
  121  10:54  Marine  
  121  10:55  Marine x4  
  121  10:56  Marine x5  
  130  10:57  SCV x3  
  132  11:09  Marine  
  128  11:12  Marine x2  
  128  11:13  Marine x2  
  131  11:24  Marine  
  131  11:25  Marine x5  
  116  11:27  Marine  
  116  11:30  Marine x2  
  116  11:31  Marine x2  
  122  11:42  Marine x2  
  122  11:43  Marine x2  
  122  11:45  Marauder  
  111  12:25  Marauder, Marine x4  
  111  12:26  Marine x6  
  123  12:38  Refinery  
  123  12:40  SCV x2, Refinery  
  123  12:41  SCV  
  123  12:43  Marine x7  
  133  12:46  Marauder  
  133  12:52  SCV  
  133  12:53  SCV  
  110  13:08  Marauder  
  112  13:22  Marine  
  112  13:23  Marine x9  
  112  13:25  Medivac x2  
  112  13:26  Siege Tank  
  129  13:29  Marine  
  129  13:32  Orbital Command  
  130  13:40  Marine  
  130  13:41  Marine x9  
  132  13:47  Marauder  
  141  13:58  Siege Tank, Marine x2  
  141  13:59  Marine  
  147  14:08  Marauder  
Tags
 
League
Platinum
Matchup
TvZ
Replay Pack
r1
Spawn Locations
Cross Positions
Add a new tag
Caveats
  • Supply blocks, unpowered buildings, or Contaminate may cause inaccurate times.
  • Supply counts are checked every 10 seconds.